Workbook
Name \0: #REF!
Name \0: #REF!
Name \00: #REF!
Name \00: #REF!
Name \01: #REF!
Name \a: #REF!
Name \AA: #REF!
Name \AA: #REF!
Name \b: #REF!
Name \b: #REF!
Name \bb: #REF!
Name \bb: #REF!
Name \c: #REF!
Name \D: #REF!
Name \E: #REF!
Name \E: #REF!
Name \EE: #REF!
Name \EE: #REF!
Name \eliminar: #REF!
Name \eliminar: #REF!
Name \eliminar1: #REF!
Name \eliminar1: #REF!
Name \f: #REF!
Name \G: #REF!
Name \g: #REF!
Name \i: #REF!
Name \i: #REF!
Name \k: #REF!
Name \k: #REF!
Name \l: #REF!
Name \m: #REF!
Name \M: #REF!
Name \n: #REF!
Name \ñ: #REF!
Name \ñ: #REF!
Name \P: #REF!
Name \q: #REF!
Name \q: #REF!
Name \r: #REF!
Name \R: #REF!
Name \s: #REF!
Name \t: #REF!
Name \t: #N/A
Name \t: #REF!
Name \V: #REF!
Name \v: #REF!
Name \w: #REF!
Name \X: #N/A
Name \X: 'PRESUPUESTO OFICIAL RESTAURANTE'!err
Name \X: [0]!ERR
Name \Z: #N/A
Name \Z: 'PRESUPUESTO OFICIAL RESTAURANTE'!err
Name \Z: [0]!ERR
Name \z1: #REF!
Name _: #REF!
Name __: #REF!
Name __\c: #REF!
Name __\g: #REF!
Name __\i: #REF!
Name __\q: #REF!

Sheet PRESUPUESTO OFICIAL RESTAURANTE
B2: Formulario 1 - Formulario propuesta económica - Interventoría de infraestructura social
C3: Versión: 2 del 15 de diciembre de 2025
C7: FORMULARIO 1 - DETALLADO
C8: [La Entidad puede utilizar este Formulario para determinar las condiciones bajo las cuales los Proponentes presentarán su propuesta económica de forma detallada, sin perjuicio que puedan modificarlo o alleguen la oferta económica con un Formulario distinto. Es presentado a modo ilustrativo y como una sugerencia] [En caso de modificar el formulario, es importante tener en cuenta que no se deben incluir causales de rechazo, reglas o parámetros. Los términos el proceso solo se encuentran en el Documento Base por lo que no es viable que la Entidad incluya notas de ningún tipo]
C10: =+'PTO INTERVENTORIA REST'!D2 -> INTERVENTORÍA TÉCNICA, ADMINISTRATIVA, FINANCIERA, LEGAL Y AMBIENTAL AL PROYECTO DENOMINADO “CONSTRUCCIÓN Y DOTACIÓN DE RESTAURANTE PARA LA ATENCIÓN AL ADULTO MAYOR EN EL CASCO URBANO DEL MUNICIPIO DE LA GLORIA, DEPARTAMENTO DEL CESAR”
D12: PRESUPUESTO INTERVENTORIA - VIGENCIA 2026 | F12: Plazo | G12: 7 | H12: FP | I12: Meses
C14: A | D14: COSTOS DE PERSONAL
C15: CANT | D15: CARGO / OFICIO | E15: ASIG. MENSUAL | F15: MESES | G15: % DEDICACION | I15: VALOR PARCIAL
C16: =+'PTO INTERVENTORIA REST'!B11 -> 1 | D16: =+'PTO INTERVENTORIA REST'!C11 -> Director de Interventoría | E16: =+'PTO INTERVENTORIA REST'!D11 -> 3500000 | F16: =+'PTO INTERVENTORIA REST'!E11 -> 6 | G16: =+'PTO INTERVENTORIA REST'!F11 -> 0.1 | H16: =+#REF! -> #REF! | I16: =+IF(G16>=85%,ROUND(E16*F16*G16*(1+H16),0),ROUND(E16*F16*G16,0))*C16 -> 2100000
C17: =+'PTO INTERVENTORIA REST'!B12 -> 1 | D17: =+'PTO INTERVENTORIA REST'!C12 -> Residente de Interventoría | E17: =+'PTO INTERVENTORIA REST'!D12 -> 2280000 | F17: =+'PTO INTERVENTORIA REST'!E12 -> 6 | G17: =+'PTO INTERVENTORIA REST'!F12 -> 1 | H17: =+'PTO INTERVENTORIA REST'!G12 -> 0.86753 | I17: =+IF(G17>=85%,ROUND(E17*F17*G17*(1+H17),0),ROUND(E17*F17*G17,0))*C17 -> 25547810
G23: SUB TOTAL COSTO DE PERSONAL | I23: =SUM(I16:I22) -> 27647810
F24: FACTOR MULTIPLICADOR | I24: 1.4
G25: TOTAL COSTOS PERSONAL | I25: =+I23*I24 -> 38706934
C27: B | D27: GASTOS REMBOLSABLES-APOYO A LA SUPERVISION
C28: CANT | D28: CONCEPTO | E28: UNIDAD | F28: COSTO ($) | G28: UTILIZACION | I28: VALOR PARCIAL
C29: =+'PTO INTERVENTORIA REST'!B21 -> 1 | D29: =+'PTO INTERVENTORIA REST'!C21 -> Edición de informes - (Incluye Papeleria, Fotografias, Cds, Grabaciones, Reproducciones, Etc) | E29: =+#REF! -> #REF! | F29: =+'PTO INTERVENTORIA REST'!E21 -> 216084.42 | G29: =+'PTO INTERVENTORIA REST'!F21 -> 6 | I29: =G29*F29*C29 -> 1296506.5
F32: SUB TOTAL OTROS COSTOS DIRECTOS | I32: =SUM(I29:I30) -> 1296506.5
D33: COSTO PERSONAL + COSTOS INDIRECTOS | I33: =I25+I32 -> 40003441
F34: SUB TOTAL COSTOS BASICOS | I34: =+I33 -> 40003441
G35: IVA (19%) | I35: =ROUND(I34*19%,2) -> 7600653.7
G36: COSTO TOTAL | I36: =ROUND(I34+I35,2) -> 47604094

Sheet PTO INTERVENTORIA REST
B2: PRESUPUESTO INTERVENTORIA | D2: INTERVENTORÍA TÉCNICA, ADMINISTRATIVA, FINANCIERA, LEGAL Y AMBIENTAL AL PROYECTO DENOMINADO “CONSTRUCCIÓN Y DOTACIÓN DE RESTAURANTE PARA LA ATENCIÓN AL ADULTO MAYOR EN EL CASCO URBANO DEL MUNICIPIO DE LA GLORIA, DEPARTAMENTO DEL CESAR”
G4: FECHA ELABORACIÓN: | H4: 46266
E6: PLAZO TOTAL DE LA INTERVENTORIA: | G6: 6 | H6: Meses
B8: COSTOS DIRECTOS DE PERSONAL
B9: PERSONAL PROFESIONAL
B10: CANTIDAD | C10: CARGO / OFICIO | D10: SUELDO Y/O JORNAL MENSUAL | E10: MESES | F10: % DEDICACION | G10: FP | H10: VALOR PARCIAL
B11: 1 | C11: Director de Interventoría | D11: 3500000 | E11: =$G$6 -> 6 | F11: 0.1 | H11: =+IF(F11>=85%,ROUND(D11*E11*F11*(1+G11),0),ROUND(D11*E11*F11,0))*B11 -> 2100000
B12: 1 | C12: Residente de Interventoría | D12: 2280000 | E12: =$G$6 -> 6 | F12: 1 | G12: 0.86753 | H12: =+IF(F12>=85%,ROUND(D12*E12*F12*(1+G12),0),ROUND(D12*E12*F12,0))*B12 -> 25547810
F13: SUBTOTAL COSTOS DE PERSONAL | H13: =SUM(H11:H12) -> 27647810
E15: FACTOR MULTIPLICADOR | H15: 1.4
F17: TOTAL COSTOS DE PERSONAL | H17: =+H13*H15 -> 38706934
B19: COSTOS INDIRECTOS
B20: CANTIDAD | C20: DESCRIPCION | D20: UNIDAD | E20: COSTO | F20: TIEMPO DE UTILIZACION | H20: VALOR PARCIAL
B21: 1 | C21: Edición de informes - (Incluye Papeleria, Fotografias, Cds, Grabaciones, Reproducciones, Etc) | D21: Mes | E21: 216084.42 | F21: =+$G$6 -> 6 | H21: =ROUND(+B21*E21*F21,2) -> 1296506.6
B22: OTROS COSTOS INDIRECTOS | H22: =SUM(H21:H21) -> 1296506.6
B23: TOTAL COSTOS INDIRECTOS + COSTOS DIRECTOS DE PERSONAL | H23: =+H17+H22 -> 40003441
B25: TOTAL COSTOS ( COSTOS DIRECTOS + INDIRECTOS) | H25: =+H23 -> 40003441
E27: IVA(19%) | H27: =0.19*H25 -> 7600653.7
E29: COSTO TOTAL DE LA INTERVENTORÍA | H29: =ROUND(+H25+H27,0) -> 47604094

Sheet F.M INTERVENTORIA
A2: FACTOR MULTIPLICADOR - PERSONAL CONSULTORIA E INTERVENTORIA
A4: PROYECTO: | C4: INTERVENTORIAS
B6: CONCEPTO | D6: %
B7: FACTOR | D7: 100
A8: 1 | B8: GASTOS ORDENANZALES
A9: 1.1 | B9: PRO-UNIVERSIDAD | D9: 0.5
A10: 1.2 | B10: PRO-JUSTICIA FAMILIAR | D10: 2
A11: 1.3 | B11: PRO-DESAROLLO | D11: 1.5
A12: 1.4 | B12: PRO-CULTURA | D12: 2
A13: 1.5 | B13: BIENESTAR ADULTO MAYOR | D13: 2
A14: 1.6 | B14: PRO-DEPORTE Y RECREACION MUNICIPAL | D14: 2
A15: 1.7 | B15: CONTRATO INTERVENTORIA | D15: 2
A16: 1.8 | B16: INDUSTRIA Y COMERCIO | D16: =10/1000+7% -> 0.08
B17: Sub-Total | D17: =SUM(D9:D16) -> 12.08
A18: 2 | B18: GASTOS GENERALES
A19: 2.1 | B19: Asesoria Contable Tributaria y Juridica | D19: 6
A20: 2.2 | B20: Gastos de Representanción | D20: 6
A21: 2.3 | B21: Personal Administrativo y Profesional no facturado | D21: 5.5
A22: 2.4 | B22: Gastos bancarios | D22: 1
A23: 2.5 | B23: Garantias contractuales | D23: 4
B24: Sub-Total | D24: =SUM(D19:D23) -> 22.5
A25: 3 | B25: UTILIDAD
A26: 3.1 | B26: Utilidad | D26: 5
B27: Sub-Total | D27: =SUM(D26) -> 5
B28: TOTAL | D28: =(+D7+D17+D24+D27)/100 -> 1.3958
A29: FACTOR MULTIPLICADOR FINAL | D29: 1.4

Sheet CARGA PRESTACIONAL
A2: CARGA PRESTACIONAL
A5: INTERVENTORIAS
A7: ORDENES DE PRESTACION DE SERVICIO; SALARIOS INTEGRALES; ORDENES DE TRABAJO, O SIMILARES
A8: ITEM | B8: DESCRIPCION | C8: %
A9: A | B9: PRESTACIONES SOCIALES
B11: Cesantias | C11: 0.08333
B12: Intereses a las Cesantias | C12: 0.01
B13: Prima | C13: 0.0833
B14: Vacaciones | C14: 0.0417
B15: SEGURIDAD SOCIAL
B16: Seguridad social (salud) | C16: 0.085
B17: Seguridad social (pension) | C17: 0.12
B18: Aseguradora de riesgos profesionales | C18: 0.0696
B19: PROGRAMA SST
B20: SG -SST (Examenes de Ingreso y Egreso, Capacitaciones, Implementación de SST) | C20: 0.08
B21: OTROS
B22: Recargos dominicales, horas extras, festivos y nocturos | C22: 0.08
B23: Dotación y EPP´s | C23: 0.05
B24: CAJA DE COMPENSACIÓN | C24: 0.04
B25: FP | C25: =SUM(C10:C24) -> 0.74293
B26: TOTAL CARGA PRESTACIONAL | C26: 0.86753
